[Event "XI Continental-ch America 2016"]
[Site "San Salvador"]
[Date "2016.05.28"]
[Round "1"]
[White "Ortiz Suarez, Isan Reynaldo"]
[Black "Moccero, Eduardo"]
[Result "1-0"]
[ECO "A06"]
[WhiteElo "2578"]
[BlackElo "1981"]
[PlyCount "57"]
[EventDate "2016.??.??"]
[EventCountry "ESA"]
[TimeControl "40/5400+30:1800+30"]
[WhiteClock "0:53:27"]
[BlackClock "0:49:53"]

1. Nf3 d5 2. g3 Nf6 3. Bg2 c5 4. c4 e6 5. O-O Nc6 6. b3 Be7 7. Bb2 O-O 8. e3 b6 9. Nc3 Bb7 10. cxd5 exd5 11. d4 Qc7 12. dxc5 bxc5 13. Nxd5 Nxd5 14. Qxd5 Rad8 15. Qh5 Nb4 16.
Rfd1 Nd3 17. Bc3 Rd5 18. Qg4 g6 19. Ne1 Rg5 20. Qc4 Bxg2 21.
Nxg2 Ne5 22. Bxe5 Rxe5 23. Nf4 Re8 24. Rd3 Bf8 25. Rad1 Re4 26.
Qb5 Qb6 27. Qxb6 axb6 28. Nd5 R8e6 29. Nc3 1-0

[Event "XI Continental-ch America 2016"]
[Site "San Salvador"]
[Date "2016.05.28"]
[Round "1"]
[White "Mareco, Sandro"]
[Black "Sarat, Victor"]
[Result "1-0"]
[ECO "A06"]
[WhiteElo "2625"]
[BlackElo "2098"]
[PlyCount "43"]
[EventDate "2016.??.??"]
[EventCountry "ESA"]
[TimeControl "40/5400+30:1800+30"]
[WhiteClock "1:26:36"]
[BlackClock "0:30:01"]

1. Nf3 d5 2. c4 Nf6 3. cxd5 Nxd5 4. e4 Nf6 5. Nc3 e6 6. d4 Be7 7. Bd3 c6 8. O-O h6 9. Qe2 b6 10. Bf4 Bb7 11. Rad1 g5 12. Bg3 Nh5 13. d5 Nxg3 14. fxg3 exd5 15. exd5 O-O 16. Ne5 Bc5+ 17. Kh1 Qe7 18. Qe4 f5 19. Rxf5 Nd7 20. dxc6 Rxf5 21. Bc4+ Kg7 22. Rxd7 1-0

[Event "XI Continental-ch America 2016"]
[Site "San Salvador"]
[Date "2016.05.28"]
[Round "1"]
[White "Chavez, Hector Eduardo"]
[Black "Lenderman, Aleksandr"]
[Result "0-1"]
[ECO "C00"]
[WhiteElo "2079"]
[BlackElo "2614"]
[PlyCount "44"]
[EventDate "2016.??.??"]
[EventCountry "ESA"]
[TimeControl "40/5400+30:1800+30"]
[WhiteClock "0:59:10"]
[BlackClock "1:13:06"]

1. e4 e6 2. d3 d5 3. Nd2 Nf6 4. g3 Bc5 5. e5 Nfd7 6. Ngf3 Bb6 7. Bg2 Nc6 8.
Qe2 Bd4 9. Nxd4 Nxd4 10. Qg4 Nxc2+ 11. Kd1 Nxa1 12. Qxg7 Rf8 13. Nf3 Qe7 14. Bd2 Qc5 15. Ke2 Nc2 16. Rc1 Nd4+ 17. Nxd4 Qxd4 18. Bc3 Qa4 19. h4 b6 20. Bd2 c5 21. Rc4 dxc4 22. Bxa8 cxd3+ 0-1

[Event "XI Continental-ch America 2016"]
[Site "San Salvador"]
[Date "2016.05.28"]
[Round "1"]
[White "Hernandez, Mauricio Daniel"]
[Black "Erenburg, Sergey"]
[Result "0-1"]
[ECO "D00"]
[WhiteElo "1986"]
[BlackElo "2587"]
[PlyCount "92"]
[EventDate "2016.??.??"]
[EventCountry "ESA"]
[TimeControl "40/5400+30:1800+30"]
[WhiteClock "0:03:24"]
[BlackClock "0:12:08"]

1. d4 d5 2. Bg5 h6 3. Bh4 c6 4. e3 Qb6 5. b3 e5 6. Nf3 Nd7 7. Bg3 e4 8. Ne5 Ne7 9. Nxd7 Bxd7 10. Bd6 Be6 11. c4 Qd8 12. c5 Nf5 13. Bxf8 Kxf8 14. Be2 h5 15. Nc3 Qg5 16. g3 h4 17. g4 Ne7 18. h3 f5 19. Qd2 Kg8 20.
O-O-O Rf8 21. gxf5 Bxf5 22. Rdg1 Qf6 23. Rh2 Rh6 24. Nd1 Rg6 25. Bg4 Bxg4 26. hxg4 Nf5 27. Qa5 Nxd4 28. g5 Rxg5 29. Rxg5 Qxg5 30. Rh1 Nf3 31. Qxa7 Qg2 32. Qxb7 Qxh1 33. Qxc6 Ne5 34. Qxd5+ Nf7 35. b4 Rd8 36. Qb3 Qxd1+ 37. Qxd1 Rxd1+ 38.
Kxd1 h3 39. c6 h2 40. b5 h1=Q+ 41. Kc2 Qf1 42. a4 Qc4+ 43. Kd2 Ne5 44. f4 Nf3+ 45. Kd1 Qc3 46. Ke2 Qe1# 0-1

[Event "XI Continental-ch America 2016"]
[Site "San Salvador"]
[Date "2016.05.28"]
[Round "1"]
[White "Giron, David"]
[Black "Bruzon Batista, Lazaro"]
[Result "0-1"]
[ECO "B52"]
[WhiteElo "2104"]
[BlackElo "2681"]
[PlyCount "36"]
[EventDate "2016.??.??"]
[EventCountry "ESA"]
[TimeControl "40/5400+30:1800+30"]
[WhiteClock "0:05:06"]
[BlackClock "0:19:15"]

1. e4 c5 2. Nf3 d6 3. Bb5+ Bd7 4. Bxd7+ Nxd7 5. c4 Ngf6 6. Nc3 Rc8 7. d4 cxd4 8. Qxd4 a6 9. O-O g6 10. b3 Bg7 11. Bb2 Qa5 12. Rac1 O-O 13.
Rfe1 Rfe8 14. Qd3 Nc5 15. Qb1 e6 16. Rcd1 b5 17. e5 Nfd7 18.
exd6 Bxc3 0-1

[Event "XI Continental-ch America 2016"]
[Site "San Salvador"]
[Date "2016.05.28"]
[Round "1"]
[White "Blanco Perez, David"]
[Black "Cordova, Emilio"]
[Result "0-1"]
[ECO "B28"]
[WhiteElo "2112"]
[BlackElo "2602"]
[PlyCount "58"]
[EventDate "2016.??.??"]
[EventCountry "ESA"]
[TimeControl "40/5400+30:1800+30"]
[WhiteClock "0:43:53"]
[BlackClock "0:28:06"]

1. e4 c5 2. Nf3 a6 3. d4 cxd4 4. Nxd4 Nf6 5. Nc3 e5 6. Nb3 Bb4 7. Bd2 d6 8. Bd3 Bg4 9. f3 Be6 10. a3 Bxc3 11. Bxc3 Nc6 12. Qd2 O-O 13. Na5 Nxa5 14. Bxa5 b6 15. Bc3 Qc7 16. Qe2 b5 17. O-O Nd7 18. a4 b4 19. Bd2 Rfc8 20. Kh1 a5 21. b3 Nc5 22. Bb5 d5 23.
exd5 Bxd5 24. Rac1 Ne6 25. c3 Qd6 26. c4 Nd4 27. Qd1 Be6 28.
Be3 Rd8 29. Rf2 Nxb5 0-1

[Event "XI Continental-ch America 2016"]
[Site "San Salvador"]
[Date "2016.05.28"]
[Round "1"]
[White "Kovalyov, Anton"]
[Black "Melara, Moises"]
[Result "1-0"]
[ECO "E92"]
[WhiteElo "2602"]
[BlackElo "2007"]
[PlyCount "123"]
[EventDate "2016.??.??"]
[EventCountry "ESA"]
[TimeControl "40/5400+30:1800+30"]
[WhiteClock "1:21:18"]
[BlackClock "0:01:23"]

1. c4 Nf6 2. Nc3 g6 3. Nf3 Bg7 4. e4 d6 5. d4 O-O 6. Be2 e5 7. Be3 Nc6 8. d5 Ne7 9. Nd2 Nd7 10. b4 f5 11. f3 Nf6 12. c5 a6 13. Nc4 f4 14. Bf2 g5 15. cxd6 cxd6 16. Bb6 Qd7 17. Rc1 g4 18. fxg4 Nxg4 19. Bxg4 Qxg4 20. Qxg4 Bxg4 21. h3 Bh5 22. Nxd6 f3 23. g4 Bg6 24. Na4 Rf4 25. Be3 Rxe4 26. Nxe4 Nxd5 27. Kf2 Bxe4 28. Nc3 Nxc3 29. Rxc3 Bc6 30. Rd1 e4 31. Rc5 Re8 32. Rf5 Bf8 33. Rd4 Be7 34. Rh5 Bf6 35. Rd6 Bc3 36. Rg5+ Kf8 37. Rh6 Bxb4 38. Rxh7 Re7 39. Rxe7 Bxe7 40. Bc5 Bxc5+ 41. Rxc5 Kg7 42. Ke3 Kg6 43. h4 Bd7 44. Rd5 Be6 45. Rd6 Kf7 46. g5 Bxa2 47. Kxe4 f2 48. Rf6+ Kg7 49. Rxf2 Bb1+ 50. Ke5 Bg6 51. Rf6 a5 52. Rb6 a4 53. Rxb7+ Bf7 54. h5 a3 55. g6 a2 56. Rxf7+ Kh6 57. Ra7 a1=Q+ 58. Rxa1 Kg5 59. g7 Kh6 60. g8=R Kh7 61. Rag1 Kh6 62. Rh8# 1-0

[Event "XI Continental-ch America 2016"]
[Site "San Salvador"]
[Date "2016.05.28"]
[Round "1"]
[White "Flores, Diego"]
[Black "Duarte, Juan"]
[Result "1-0"]
[ECO "A04"]
[WhiteElo "2592"]
[BlackElo "1988"]
[PlyCount "43"]
[EventDate "2016.??.??"]
[EventCountry "ESA"]
[TimeControl "40/5400+30:1800+30"]
[WhiteClock "0:48:26"]
[BlackClock "0:45:25"]

1. Nf3 f5 2. d3 g6 3. e4 d6 4. h4 Bg7 5. h5 Nh6 6. Nc3 c6 7. d4 Nf7 8. Bc4 e6 9. hxg6 hxg6 10. Rxh8+ Bxh8 11. Qe2 fxe4 12. Qxe4 d5 13. Qxg6 dxc4 14. Bg5 Qd6 15. Ne4 Qf8 16. Ne5 Bxe5 17. dxe5 Kd7 18. O-O-O+ Kc7 19. Qxf7+ Nd7 20. Qxf8 Nxf8 21. Bd8+ Kb8 22. Be7 1-0

[Event "XI Continental-ch America 2016"]
[Site "San Salvador"]
[Date "2016.05.29"]
[Round "2"]
[White "Cordova, Emilio"]
[Black "Arias, Lemnys"]
[Result "1/2-1/2"]
[ECO "A12"]
[WhiteElo "2602"]
[BlackElo "2309"]
[PlyCount "64"]
[EventDate "2016.??.??"]
[EventCountry "ESA"]
[TimeControl "40/5400+30:1800+30"]
[WhiteClock "0:03:43"]
[BlackClock "0:41:01"]

1. Nf3 d5 2. c4 c6 3. b3 Bg4 4. Bb2 Nd7 5. e3 e6 6. h3 Bh5 7. Be2 Ngf6 8. cxd5 exd5 9. g4 Bg6 10. d3 h6 11. Nbd2 a5 12. a3 Bd6 13. Rg1 a4 14. Nh4 axb3 15.
Nxb3 c5 16. a4 Qe7 17. Nd2 Bh7 18. Qb3 Be5 19. Ndf3 Bxb2 20. Qxb2 d4 21. e4 c4 22. Nxd4 cxd3 23. Ndf5 Bxf5 24. Nxf5 Qe5 25. Qxe5+ Nxe5 26. f4 Ng6 27. e5 Nd5 28. Bf3 Ndxf4 29. Bxb7 Ra5 30. Bc6+ Kd8 31. Kd2 Nxe5 32. Bh1 Kd7 1/2-1/2

[Event "XI Continental-ch America 2016"]
[Site "San Salvador"]
[Date "2016.05.29"]
[Round "2"]
[White "Valenzuela, Fernando"]
[Black "Mareco, Sandro"]
[Result "0-1"]
[ECO "E21"]
[WhiteElo "2409"]
[BlackElo "2625"]
[PlyCount "68"]
[EventDate "2016.??.??"]
[EventCountry "ESA"]
[TimeControl "40/5400+30:1800+30"]
[WhiteClock "0:00:43"]
[BlackClock "0:07:38"]

1. d4 Nf6 2. c4 e6 3. Nc3 Bb4 4. Nf3 b6 5. e3 Bb7 6. Bd3 O-O 7. O-O c5 8. Bd2 cxd4 9. exd4 d5 10. cxd5 Nxd5 11. a3 Be7 12. Re1 Nd7 13. Qe2 h6 14. Ne4 Rc8 15. Ng3 Rc7 16. Rad1 N7f6 17. Ne5 Bd6 18. Bb1 Qc8 19. Nh5 Re8 20. Qf3 Qd8 21. Nxg7 Kxg7 22. Qg3+ Kh8 23. Bxh6 Nh5 24. Qh3 Ndf6 25. Bg5 Kg8 26. Rd3 Be4 27. Bxf6 Qxf6 28. Ng4 Qg5 29. Qxh5 Qxh5 30. Nf6+ Kf8 31. Nxh5 Bxd3 32. Bxd3 Rd8 33. Be4 Rc4 34. Nf6 Rxd4 0-1

[Event "XI Continental-ch America 2016"]
[Site "San Salvador"]
[Date "2016.05.29"]
[Round "2"]
[White "Leiva, Giuseppe"]
[Black "Flores, Diego"]
[Result "0-1"]
[ECO "B06"]
[WhiteElo "2384"]
[BlackElo "2592"]
[PlyCount "69"]
[EventDate "2016.??.??"]
[EventCountry "ESA"]
[TimeControl "40/5400+30:1800+30"]
[WhiteClock "0:00:45"]
[BlackClock "0:01:50"]

1. d4 g6 2. e4 Bg7 3. c3 d6 4. Nf3 Nf6 5. Bd3 O-O 6. O-O c5 7. h3 Qc7 8. Re1 e5 9. Bf1 Re8 10. d5 Kh8 11. a4 Ng8 12. Na3 Nd7 13. Nb5 Qb8 14.
a5 f6 15. b4 Bh6 16. bxc5 Nxc5 17. Ba3 Bd7 18. Bxc5 dxc5 19. Qb3 Bf8 20. a6 bxa6 21. Rxa6 c4 22. Bxc4 Rc8 23. Bf1 Qb7 24. Rea1 Bc5 25. c4 Rab8 26. Qd1 Bxb5 27. cxb5 Bb6 28. Nd2 Qe7 29. Nc4 Bd4 30. R1a2 f5 31. Na5 fxe4 32. Nc6 Rxc6 33. Rxc6 Rf8 34. Rc4 Qf6 35. Qe2 0-1

[Event "XI Continental-ch America 2016"]
[Site "San Salvador"]
[Date "2016.05.29"]
[Round "2"]
[White "Erenburg, Sergey"]
[Black "Cu Hor, Winston Darwin"]
[Result "1/2-1/2"]
[ECO "B90"]
[WhiteElo "2587"]
[BlackElo "2305"]
[PlyCount "115"]
[EventDate "2016.??.??"]
[EventCountry "ESA"]
[TimeControl "40/5400+30:1800+30"]
[WhiteClock "0:02:21"]
[BlackClock "0:10:00"]

1. e4 c5 2. Nf3 d6 3. d4 Nf6 4. Nc3 cxd4 5. Nxd4 a6 6. Be3 e5 7. Nf3 Qc7 8. a4 Be6 9. Ng5 Bd7 10. a5 h6 11. Nf3 Be6 12.
Nd5 Bxd5 13. exd5 Nbd7 14. Be2 g6 15. O-O Bg7 16. c4 O-O 17.
Nd2 Rfb8 18. Ra3 b5 19. axb6 Nxb6 20. Qa1 a5 21. b4 a4 22. Rb1 Nfd7 23. Qa2 Kh7 24. c5 dxc5 25. bxc5 Nxc5 26. Rc1 Ra5 27. Ne4 Nbd7 28. Bxc5 Nxc5 29. Rac3 Bf8 30. d6 Bxd6 31. Nxd6 Qxd6 32. Qxf7+ Kh8 33. Rh3 g5 34. Rd1 Rf8 35. Rxd6 Rxf7 36. Rdxh6+ Kg7 37. Rh7+ Kf8 38. Rh8+ Ke7 39. Bc4 a3 40. Ba2 Rf6 41. Rb8 e4 42. Rh7+ Kd6 43. Rb6+ Ke5 44. Re7+ Kf5 45. g4+ Kg6 46. Rb8 Nd3 47. Rg8+ Kh6 48. Rh8+ Kg6 49. Rg8+ Kh6 50. Rgg7 Rxf2 51. Rh7+ Kg6 52. Reg7+ Kf6 53. Rf7+ Kg6 54. Rhg7+ Kh6 55.
Rh7+ Kg6 56. Rfg7+ Kf6 57. Rf7+ Kg6 58. Rfg7+ 1/2-1/2

[Event "XI Continental-ch America 2016"]
[Site "San Salvador"]
[Date "2016.05.29"]
[Round "2"]
[White "Minero, Sergio"]
[Black "Kovalyov, Anton"]
[Result "1/2-1/2"]
[ECO "E15"]
[WhiteElo "2392"]
[BlackElo "2602"]
[PlyCount "68"]
[EventDate "2016.??.??"]
[EventCountry "ESA"]
[TimeControl "40/5400+30:1800+30"]
[WhiteClock "0:15:21"]
[BlackClock "1:00:33"]

1. d4 Nf6 2. c4 e6 3. Nf3 b6 4. g3 c6 5. Bg2 d5 6. O-O Be7 7. Qc2 O-O 8. Nbd2 Bb7 9. e4 Na6 10. a3 dxc4 11. Nxc4 c5 12. e5 Nd5 13. dxc5 Nxc5 14. b4 Nd7 15. Bb2 Rc8 16. Qb3 Qc7 17. Rac1 Qb8 18. Rfd1 Rfd8 19. Nd4 a6 20. Nf5 exf5 21. Bxd5 Bxd5 22. Rxd5 b5 23. Ne3 Rxc1+ 24. Bxc1 Qc8 25. Bb2 Nb6 26. Rxd8+ Bxd8 27. Qd3 f4 28. gxf4 Nc4 29. Nxc4 bxc4 30. Qd4 Bb6 31. Qxb6 Qg4+ 32. Kf1 Qd1+ 33. Kg2 Qg4+ 34. Kf1 Qd1+ 1/2-1/2

[Event "XI Continental-ch America 2016"]
[Site "San Salvador"]
[Date "2016.05.29"]
[Round "2"]
[White "Lopez, Abel"]
[Black "Ortiz Suarez, Isan Reynaldo"]
[Result "0-1"]
[ECO "B90"]
[WhiteElo "2305"]
[BlackElo "2578"]
[PlyCount "70"]
[EventDate "2016.??.??"]
[EventCountry "ESA"]
[TimeControl "40/5400+30:1800+30"]
[WhiteClock "0:10:54"]
[BlackClock "0:26:41"]

1. e4 c5 2. Nf3 d6 3. d4 cxd4 4. Nxd4 Nf6 5. Nc3 a6 6. Be3 e5 7. Nb3 Be6 8. Qd2 Nbd7 9. f3 h5 10. O-O-O Be7 11. Kb1 Qc7 12. Nd5 Nxd5 13. exd5 Bf5 14. Bd3 Bxd3 15. Qxd3 Rc8 16. Rc1 b5 17. Nd2 O-O 18. g4 hxg4 19. fxg4 Qb7 20. Ne4 Rc4 21. Rhg1 Nf6 22. Nxf6+ Bxf6 23. g5 e4 24. Qd2 Be5 25. g6 fxg6 26. Rxg6 Qf7 27. Rg2 Qe8 28. c3 Rf5 29. b3 Rc7 30. Bd4 Qf7 31. Bxe5 Rxe5 32. Rg5 e3 33. Qg2 Rce7 34. Re1 Qf2 35. Re2 Rxg5 0-1

[Event "XI Continental-ch America 2016"]
[Site "San Salvador"]
[Date "2016.05.29"]
[Round "2"]
[White "Bruzon Batista, Lazaro"]
[Black "Liang, Awonder"]
[Result "0-1"]
[ECO "B90"]
[WhiteElo "2681"]
[BlackElo "2410"]
[PlyCount "90"]
[EventDate "2016.??.??"]
[EventCountry "ESA"]
[TimeControl "40/5400+30:1800+30"]
[WhiteClock "0:03:55"]
[BlackClock "0:23:21"]

1. e4 c5 2. Nf3 d6 3. d4 cxd4 4. Nxd4 Nf6 5. Nc3 a6 6. Be3 e5 7. Nb3 Be6 8. Qd2 Nbd7 9. f4 exf4 10. Bxf4 Ne5 11. O-O-O Be7 12. Nd4 O-O 13. g3 Qd7 14. h4 Bg4 15. Be2 Rfc8 16. Bxg4 Qxg4 17. Nf5 Bf8 18. Nxd6 Nc4 19. Nxc4 Rxc4 20. e5 Nh5 21. Nd5 Qe6 22. Qe2 Rc5 23. Qf3 Rac8 24. c3 Ra5 25. Kb1 Rcc5 26. Nb4 Rc8 27. b3 Nxf4 28. gxf4 Qf5+ 29. Ka1 Rxe5 30. Qxb7 Rb5 31. Qd7 Qxd7 32. Rxd7 Bxb4 33. cxb4 Rxb4 34. Ra7 Rxf4 35. Rxa6 h5 36. Rh2 Rg4 37. Kb2 f5 38. Ra5 Rf8 39. a4 g6 40. Ra7 f4 41. Rc2 g5 42. Rc6 gxh4 43.
Raa6 h3 44. Rg6+ Rxg6 45. Rxg6+ Kh7 0-1

[Event "XI Continental-ch America 2016"]
[Site "San Salvador"]
[Date "2016.05.29"]
[Round "2"]
[White "Lenderman, Aleksandr"]
[Black "Sanchez, Roberto Carlos"]
[Result "1-0"]
[ECO "D10"]
[WhiteElo "2614"]
[BlackElo "2397"]
[PlyCount "81"]
[EventDate "2016.??.??"]
[EventCountry "ESA"]
[TimeControl "40/5400+30:1800+30"]
[WhiteClock "0:02:18"]
[BlackClock "0:00:54"]

1. d4 d5 2. c4 c6 3. Nc3 Nf6 4. e3 g6 5. Nf3 Bg7 6. Bd3 O-O 7. O-O Nbd7 8.
cxd5 cxd5 9. Qb3 e6 10. Bd2 a6 11. Rfc1 b6 12. Na4 Ne4 13.
Bb4 Re8 14. Bxe4 dxe4 15. Nd2 Bb7 16. Nc3 Nf6 17. Ba5 bxa5 18.
Qxb7 e5 19. dxe5 Rb8 20. Qxa6 Rxe5 21. Rd1 Qc7 22. Rab1 Ng4 23. Qe2 Rg5 24. g3 Bxc3 25. bxc3 Rxb1 26. Rxb1 Nf6 27. c4 h5 28. Qd1 Qd7 29. Nb3 Qa4 30. Qc2 Qd7 31. Qc3 Qf5 32. Nd2 Qe6 33.
Qd4 Re5 34. Rb5 Rxb5 35. cxb5 h4 36. b6 Qc6 37. b7 Nd7 38.
Qxd7 Qxd7 39. b8=Q+ Kh7 40. Nxe4 h3 41. Nf6+ {
[%emt 0:30:07] Qd8 [%clk 0:00:01]} 1-0

[Event "XI Continental-ch America 2016"]
[Site "San Salvador"]
[Date "2016.05.29"]
[Round "3"]
[White "Ortiz Suarez, Isan Reynaldo"]
[Black "Gemy, Jose"]
[Result "1/2-1/2"]
[ECO "A30"]
[WhiteElo "2578"]
[BlackElo "2410"]
[PlyCount "100"]
[EventDate "2016.??.??"]
[EventCountry "ESA"]
[TimeControl "40/5400+30:1800+30"]
[WhiteClock "0:26:25"]
[BlackClock "0:22:42"]

1. Nf3 Nf6 2. g3 b6 3. Bg2 Bb7 4. O-O e6 5. c4 c5 6. Nc3 Be7 7. Re1 Ne4 8. Nxe4 Bxe4 9. d3 Bb7 10. d4 cxd4 11. Qxd4 O-O 12. Bf4 Nc6 13. Qd1 Rc8 14. Rc1 Na5 15. b3 d5 16. cxd5 Qxd5 17. Qxd5 Bxd5 18. Nd4 Bxg2 19. Kxg2 Ba3 20. Rxc8 Rxc8 21. Nb5 Bb4 22. Rd1 h6 23. Rd7 Rc5 24. Nxa7 Rc2 25. Rd4 e5 26. Rxb4 exf4 27. Rxb6 Rxe2 28. a4 Rb2 29. b4 Nc4 30. Rb8+ Kh7 31. gxf4 Ne3+ 32. Kf3 Nd5 33. Nc6 Rb3+ 34. Ke4 Nc3+ 35. Kd4 Nxa4 36. Ne5 f6 37. Nd3 Kg6 38. Rb7 Kf5 39. f3 Nb2 40. Rb5+ Kg6 41. Ne1 Nd1 42. Ng2 Rb2 43. Nh4+ Kh7 44. Rb7 Rxh2 45. Nf5 Kg6 46. Ne7+ Kh5 47. Nd5 Rd2+ 48. Kc5 Rc2+ 49. Kd4 Rd2+ 50. Kc5 Rc2+ 1/2-1/2

[Event "XI Continental-ch America 2016"]
[Site "San Salvador"]
[Date "2016.05.29"]
[Round "3"]
[White "Cu Hor, Winston Darwin"]
[Black "Cordova, Emilio"]
[Result "0-1"]
[ECO "A04"]
[WhiteElo "2305"]
[BlackElo "2602"]
[PlyCount "64"]
[EventDate "2016.??.??"]
[EventCountry "ESA"]
[TimeControl "40/5400+30:1800+30"]
[WhiteClock "0:17:49"]
[BlackClock "1:00:31"]

1. Nf3 c5 2. c4 b6 3. g3 Bb7 4. Bg2 Nf6 5. O-O d6 6. b3 Nbd7 7. Bb2 e6 8. d3 Be7 9. Nc3 O-O 10. e3 a6 11. Qe2 Rc8 12. Rad1 Re8 13. Ne1 Qc7 14. f4 d5 15. g4 d4 16. exd4 cxd4 17. Nb1 h5 18. Bxb7 Qxb7 19. g5 Ng4 20.
Bxd4 e5 21. h3 exd4 22. hxg4 Bd6 23. Qg2 Qxg2+ 24. Nxg2 hxg4 25. Nd2 Nc5 26. b4 Nxd3 27. c5 Bf8 28. cxb6 Nxb4 29. a3 Nc2 30. Nb3 Rc3 31. Nc1 Bc5 32. Nd3 Bxb6 0-1

[Event "XI Continental-ch America 2016"]
[Site "San Salvador"]
[Date "2016.05.29"]
[Round "3"]
[White "Mareco, Sandro"]
[Black "Arenas, David"]
[Result "1-0"]
[ECO "E62"]
[WhiteElo "2625"]
[BlackElo "2496"]
[PlyCount "85"]
[EventDate "2016.??.??"]
[EventCountry "ESA"]
[TimeControl "40/5400+30:1800+30"]
[WhiteClock "0:30:19"]
[BlackClock "0:04:03"]

1. Nf3 Nf6 2. c4 g6 3. d4 Bg7 4. g3 O-O 5. Bg2 d6 6. O-O Nc6 7. Nc3 Bg4 8. Be3 Bxf3 9. Bxf3 Nd7 10. Bg2 e5 11. dxe5 Ndxe5 12. Qa4 Nd7 13. Qc2 Nce5 14. b3 c6 15. Rad1 Nf6 16. Qd2 Qa5 17. Bg5 Ned7 18. Bf4 Ne5 19. Bg5 Neg4 20. Na4 Qf5 21. e4 Qe5 22. f3 b5 23. Bf4 Qe6 24. cxb5 cxb5 25. Nc3 Ne5 26. Qxd6 Qxd6 27. Rxd6 Ne8 28. Rd5 b4 29. Bxe5 bxc3 30. Bxg7 Nxg7 31. Rc1 Rac8 32. Rd3 Rfd8 33. Rcxc3 Ne6 34. Rxc8 Rxc8 35. Rd2 Rc1+ 36.
Kf2 Kg7 37. f4 a5 38. e5 Nc5 39. Bd5 Kf8 40. Ke3 Ke7 41. Kd4 Na6 42. Bc4 Nb4 43. Ke4 1-0

[Event "XI Continental-ch America 2016"]
[Site "San Salvador"]
[Date "2016.05.29"]
[Round "3"]
[White "Flores, Diego"]
[Black "Perez, Matias"]
[Result "1-0"]
[ECO "D58"]
[WhiteElo "2592"]
[BlackElo "2437"]
[PlyCount "57"]
[EventDate "2016.??.??"]
[EventCountry "ESA"]
[TimeControl "40/5400+30:1800+30"]
[WhiteClock "0:13:29"]
[BlackClock "0:08:39"]

1. d4 d5 2. c4 e6 3. Nc3 Be7 4. Nf3 Nf6 5. Bg5 h6 6. Bh4 O-O 7. e3 b6 8. Rc1 Bb7 9. Bxf6 Bxf6 10. cxd5 exd5 11. Bd3 c5 12. O-O cxd4 13. Nxd4 Nc6 14. Ba6 Bxa6 15. Nxc6 Qe8 16. Nxd5 Bxf1 17. Nxf6+ gxf6 18. Kxf1 Qe4 19. b3 Rfe8 20. h3 Kh7 21. Rc4 Qf5 22. Kg1 Rac8 23. Rf4 Qg6 24. Qd7 Rg8 25. g3 Rce8 26. Kg2 Rxe3 27. Rg4 Rd3 28. Qe7 Qh5 29. Qe4+ 1-0

[Event "XI Continental-ch America 2016"]
[Site "San Salvador"]
[Date "2016.05.29"]
[Round "3"]
[White "Juarez, Carlos"]
[Black "Morovic Fernandez, Ivan"]
[Result "0-1"]
[ECO "A49"]
[WhiteElo "2417"]
[BlackElo "2573"]
[PlyCount "130"]
[EventDate "2016.??.??"]
[EventCountry "ESA"]
[TimeControl "40/5400+30:1800+30"]
[WhiteClock "0:18:16"]
[BlackClock "0:04:47"]

1. Nf3 Nf6 2. d4 g6 3. g3 Bg7 4. Bg2 O-O 5. O-O c6 6. b3 d6 7. c4 Nbd7 8. Bb2
Re8 9. Nc3 e5 10. e4 exd4 11. Nxd4 Nc5 12. Qc2 a5 13. Rad1 Qb6 14. Nde2 a4 15. Nc1 a3 16. Ba1 Nfxe4 17. Nxe4 Bxa1 18. Nxd6 Rd8 19. Nxc8 Raxc8 20. Nd3 Bd4 21. Nxc5 Bxc5 22. Bf3 Rxd1 23. Rxd1 Rd8 24. Rxd8+ Qxd8 25. Qc3 Qd6 26. Kg2 Bb4 27. Qe3 Qf6 28. Qe2 Kg7 29. Be4 Qd4 30. Qd3 Qb2 31. Qc2 Qd4 32. Qd3 Qa1 33. Qb1 Qe5 34. Bc2 Qd4 35. Qd1 Qb2 36. Bb1 Bc5 37. Qc2 Qd4 38. Qe2 f5 39. Qe3 Qxe3 40. fxe3 Bxe3 41. b4 Kf6 42. b5 c5 43. Kf3 Bg1 44. Kg2 Bd4 45. Kf3 Ke5 46. Bc2 Bg1 47.
Kg2 Be3 48. h4 Kd4 49. Bb3 Kd3 50. Kf3 h6 51. g4 f4 52. g5 hxg5 53. hxg5 b6 54. Bd1 Kxc4 55. Bc2 Kxb5 56. Bxg6 c4 57. Be8+ Kc5 58. g6 Bd4 59. Kxf4 b5 60. Kf3 b4 61. g7 Bxg7 62. Bg6 b3 63. Bb1 c3 64. Ke2 c2 65. Bxc2 bxa2 0-1

[Event "XI Continental-ch America 2016"]
[Site "San Salvador"]
[Date "2016.05.29"]
[Round "3"]
[White "Gonzalez, Bernal"]
[Black "Lenderman, Aleksandr"]
[Result "0-1"]
[ECO "A40"]
[WhiteElo "2476"]
[BlackElo "2614"]
[PlyCount "68"]
[EventDate "2016.??.??"]
[EventCountry "ESA"]
[TimeControl "40/5400+30:1800+30"]
[WhiteClock "0:02:35"]
[BlackClock "0:24:56"]

1. d4 e6 2. c4 b6 3. e4 Bb7 4. f3 f5 5. exf5 Nh6 6. Be3 Nxf5 7. Bf2 Bb4+ 8.
Nc3 O-O 9. Qb3 Be7 10. O-O-O Bh4 11. Qc2 Qg5+ 12. Kb1 Bxf2 13. Qxf2 Ne3 14. Qd2 Na6 15. Re1 Qg6+ 16. Kc1 Nxf1 17. Rxf1 c5 18. dxc5 Nxc5 19. Rd1 d5 20. b4 Na6 21. b5 Nc5 22. cxd5 Bxd5 23. Nh3 Rac8 24. Kb2 Bxf3 25. gxf3 Rxf3 26. Ng5 Rd3 27. Qc2 Rxc3 28. Qxg6 Na4+ 29. Kb1 hxg6 30. Rd4 R3c4 31. Nxe6 Nc3+ 32. Kb2 Nxb5 33. Rd7 Rb4+ 34. Ka1 Na3 0-1

[Event "XI Continental-ch America 2016"]
[Site "San Salvador"]
[Date "2016.05.29"]
[Round "3"]
[White "Kovalyov, Anton"]
[Black "Duran, Sergio"]
[Result "1-0"]
[ECO "A14"]
[WhiteElo "2602"]
[BlackElo "2287"]
[PlyCount "45"]
[EventDate "2016.??.??"]
[EventCountry "ESA"]
[TimeControl "40/5400+30:1800+30"]
[WhiteClock "1:13:29"]
[BlackClock "0:26:54"]

1. c4 e6 2. g3 d5 3. Bg2 Nf6 4. Nf3 Be7 5. O-O O-O 6. d4 b6 7. cxd5 exd5 8. Nc3
Bb7 9. Bf4 Nbd7 10. Rc1 c5 11. e3 Ne4 12. h4 Nxc3 13. bxc3 c4 14. a4 Bc6 15. Nd2 Qc8 16.
e4 dxe4 17. Nxc4 Qa6 18. Ne3 Qxa4 19. Qxa4 Bxa4 20. Bxe4 Rad8 21. Ra1 b5 22. Bc7 Rc8 23. Nd5 1-0

[Event "XI Continental-ch America 2016"]
[Site "San Salvador"]
[Date "2016.05.29"]
[Round "3"]
[White "Liang, Awonder"]
[Black "Pichot, Alan"]
[Result "1/2-1/2"]
[ECO "B42"]
[WhiteElo "2410"]
[BlackElo "2532"]
[PlyCount "136"]
[EventDate "2016.??.??"]
[EventCountry "ESA"]
[TimeControl "40/5400+30:1800+30"]

1. e4 c5 2. Nf3 e6 3. d4 cxd4 4. Nxd4 a6 5. Bd3 Ne7 6. O-O Nbc6 7. Nb3 g6 8. c4
Bg7 9. Nc3 O-O 10. Bf4 d5 11. exd5 exd5 12. c5 Ne5 13. Re1 N7c6 14. Bf1 Be6 15.
Nd4 Nxd4 16. Bxe5 Bxe5 17. Rxe5 Nc6 18. Re1 Qa5 19. Nxd5 Rfd8 20. Nf6+ Kg7 21.
Qf3 Qxc5 22. Ne4 Qd4 23. b3 Bd5 24. Qe3 Qxe3 25. Rxe3 Nb4 26. Re2 Rac8 27. f3
h6 28. Rae1 Bxe4 29. fxe4 Rc2 30. Rxc2 Nxc2 31. Re2 Nd4 32. Re3 Kf6 33. Bc4 Rc8
34. e5+ Ke7 35. Re4 Ne6 36. a4 Rc5 37. b4 Ng5 38. Rd4 Rxe5 39. Bd5 Ne6 40. Rd2
b6 41. Bc6 a5 42. Rd7+ Kf6 43. Rb7 axb4 44. Rxb6 b3 45. Bd7 Re1+ 46. Kf2 Rb1
47. a5 b2 48. a6 Ke5 49. Be8 Ng5 50. Bc6 Ra1 51. Bb7 Ra2 52. Ke3 Ne6 53. Kd3
Nc5+ 54. Kc2 Na4 55. Rb4 b1=Q+ 56. Kxb1 Nc3+ 57. Kc1 Rxa6 58. Kd2 Ra3 59. Bf3
f5 60. Rb6 g5 61. Rxh6 g4 62. Bb7 Ne4+ 63. Bxe4 Kxe4 64. Re6+ Kd4 65. Ke2 Ra2+
66. Kf1 f4 67. Re8 f3 68. gxf3 gxf3 1/2-1/2